 Dungeon Crawl Stone Soup version 0.20-a0-9-g62d82d9 (webtiles) character file.

720 sveltemanboy the Purveyor of Pain (level 7, 0/50 HPs)
             Began as a Demonspawn Necromancer on Nov 1, 2016.
             Was an Initiate of Kikubaaqudgha.
             Succumbed to an adder's poison
             ... on level 5 of the Dungeon on Nov 3, 2016.
             The game lasted 00:19:14 (5679 turns).

sveltemanboy the Purveyor of Pain (DsNe)            Turns: 5679, Time: 00:19:15

Health: 0/50       AC:  8    Str: 10 (11) XL:     7   Next: 42%
Magic:  6/9        EV: 12    Int: 18      God:    Kikubaaqudgha [......]
Gold:   167        SH:  0    Dex: 13      Spells: 4 memorised, 1 level left

rFire  . . .     SeeInvis .     a - +0 morningstar
rCold  . . .     Gourm    .     p - +2 robe {MR+}
rNeg   . . .     Faith    .     (no shield)
rPois  .         Spirit   +     j - +2 hat
rElec  .         Reflect  .     (no cloak)
rCorr  .         Harm     +     (no gloves)
MR     +....     Rnd*Rage +     (no boots)
Stlth  ++........               g - amulet of harm
                                (no ring)
                                d - ring of wizardry

@: lethally poisoned (0 -> -7)
A: hooves 1, molten scales 1, berserk 1, low mp 1, strong 1, magic shield,
subdued magic 1, MP-powered wands
a: Renounce Religion


You were on level 5 of the Dungeon.
You worshipped Kikubaaqudgha.
Kikubaaqudgha was noncommittal.
You were not hungry.

You visited 2 branches of the dungeon, and saw 6 of its levels.

You collected 167 gold pieces.

Inventory:

Hand Weapons
 a - a +0 morningstar (weapon)
Armour
 j - a +2 hat (worn)
 p - a +2 robe of magic resistance (worn)
Jewellery
 d - a ring of wizardry (left hand)
 g - an amulet of harm (around neck)
Wands
 l - a wand of acid (5/15)
 q - a wand of flame (29/48)
Scrolls
 e - 6 scrolls of identify
 f - 2 scrolls of fog
 i - a scroll of teleportation
 k - a scroll of amnesia
 n - a scroll of recharging
 r - 2 scrolls of enchant armour {unknown}
 t - 2 scrolls of remove curse
Potions
 h - a potion of experience {unknown}
 o - a potion of agility {unknown}
 s - a potion of cancellation {unknown}
Books
 b - a book of Necromancy

   Spells                             Type                      Level
   a - Pain                           Necromancy                   1
   b - Animate Skeleton               Necromancy                   1
   c - Vampiric Draining              Necromancy                   3
   d - Regeneration                   Charms/Necromancy            3
   e - Animate Dead                   Necromancy                   4
   f - Control Undead                 Necromancy                   4
Comestibles
 c - 3 bread rations
 m - 2 meat rations


   Skills:
 - Level 2.0 Fighting
 * Level 2.5 Maces & Flails
 - Level 3.3 Armour
 - Level 2.1 Dodging
 - Level 1.7 Stealth
 - Level 2.0 Spellcasting
 + Level 6.7 Necromancy
 + Level 3.4 Evocations


You had one spell level left.
You knew the following spells:

 Your Spells              Type           Power        Failure   Level  Hunger
a - Pain                  Necr           ###.         1%          1    #......
b - Animate Skeleton      Necr           N/A          1%          1    #......
c - Animate Dead          Necr           N/A          4%          4    #####..
d - Vampiric Draining     Necr           ###.......   1%          3    ###....


Dungeon Overview and Level Annotations

Branches:
Dungeon (5/15)             Temple (1/1) D:5

Altars:
Ashenzari
Cheibriados
Dithmenos
Elyvilon
Fedhas
Hepliaklqana
Kikubaaqudgha
Makhleb
Nemelex Xobeh
Okawaru
Qazlal
Ru
Sif Muna
Trog
Uskayaw
Vehumet
Xom
The Shining One


Innate Abilities, Weirdness & Mutations

You have large cloven feet.
You are partially covered in molten scales. (AC +2)
When hurt, damage is shared between your health and your magic reserves.
You tend to lose your temper in combat.
Your magical capacity is low. (-10% MP)
Your muscles are strong. (Str +2)
Your spells are a little easier to cast, but a little less powerful.
You expend magic power (3 MP) to strengthen your wands.


Message History

You feel sick. The adder bites you but does no damage. The adder bites you.
* * * LOW HITPOINT WARNING * * *
You are more poisoned.
The adder poisons you!
* * * LOW HITPOINT WARNING * * *
You feel sick. The adder bites you but does no damage. The adder misses you.
* * * LOW HITPOINT WARNING * * *
You feel sick. The adder bites you but does no damage.
* * * LOW HITPOINT WARNING * * *
You feel sick. The adder barely misses you.
* * * LOW HITPOINT WARNING * * *
You feel sick. The adder bites you but does no damage.
The adder closely misses you.
* * * LOW HITPOINT WARNING * * *
You feel sick. The adder closely misses you.
* * * LOW HITPOINT WARNING * * *
You feel sick. The adder closely misses you.
You die...
Kikubaaqudgha rasps: "You have failed me!
Welcome... death!"

#.#
###................
#.#
####.............
#.# ###..>........
#.# ###.........
#.## #####
###......# ##.(###
....### ###.....
#.....##......!
###...
#.#....#S......
##..
#..###..@.......
### #[. ###........
# ... ##....... #
#.## #...... ##
#..... #####


You could see an adder.

Vanquished Creatures
  The ghost of Tux the Sneak, an amateur SpEn (D:3)
  A necrophage (D:5)
  A phantom (D:5)
  A centaur (D:4)
  A water moccasin zombie (D:5)
  A bullfrog zombie (D:5)
  A hound (D:4)
  3 worker ants
  A howler monkey zombie (D:5)
  6 adders
  An ooze (D:3)
  A worm (D:4)
  5 dart slugs
  3 leopard geckos
  12 orcs
  5 ball pythons
  A giant cockroach (D:4)
  6 goblins
  5 hobgoblins
  5 jackals
  7 kobolds
  4 quokkas
  6 bats
  5 frilled lizards
  A quokka skeleton (D:5)
  4 rats
88 creatures vanquished.

Vanquished Creatures (collateral kills)
  An orc wizard (D:4)
  A worker ant (D:4)
  A dart slug (D:1)
  A leopard gecko (D:3)
  An orc (D:4)
  A goblin (D:1)
  A quokka (D:2)
  A ball python (D:1)
  A ball python skeleton (D:5)
  A rat (D:3)
10 creatures vanquished.

Vanquished Creatures (others)
  A hobgoblin (D:1)
1 creature vanquished.

Grand Total: 99 creatures vanquished

Notes
Turn   | Place    | Note
-------+----------+-------------------------------------------
     0 | D:1      | sveltemanboy the Demonspawn Necromancer began the quest for the Orb.
     0 | D:1      | Reached XP level 1. HP: 13/13 MP: 3/3
     2 | D:1      | Learned a level 1 spell: Animate Skeleton
   544 | D:1      | Gained mutation: You are partially covered in molten scales. (AC +2) [demonic ancestry]
   544 | D:1      | Reached XP level 2. HP: 19/20 MP: 1/5
   624 | D:1      | Reached skill level 1 in Fighting
  1076 | D:1      | Reached skill level 1 in Armour
  1323 | D:1      | Gained mutation: You have large cloven feet. [demonic ancestry]
  1323 | D:1      | Reached XP level 3. HP: 22/27 MP: 0/6
  1827 | D:2      | Found a blossoming altar of Fedhas.
  1827 | D:2      | Found a faded altar of an unknown god.
  1832 | D:2      | Found a faded altar of an unknown god.
  1834 | D:2      | Found a hide-covered altar of Uskayaw.
  1836 | D:2      | Found a faded altar of an unknown god.
  2004 | D:2      | Found a glowing golden altar of the Shining One.
  2139 | D:3      | Noticed Tux's ghost (amateur SpEn)
  2213 | D:3      | Reached XP level 4. HP: 27/33 MP: 2/7
  2297 | D:3      | Reached skill level 5 in Necromancy
  2310 | D:3      | Learned a level 4 spell: Animate Dead
  2476 | D:3      | Gained mutation: You expend magic power (3 MP) to strengthen your wands. [potion of mutation]
  2476 | D:3      | Gained mutation: Your spells are a little easier to cast, but a little less powerful. [potion of mutation]
  2476 | D:3      | Gained mutation: Your muscles are strong. (Str +2) [potion of mutation]
  3199 | D:3      | Found a hazy altar of Hepliaklqana.
  3258 | D:3      | Killed Tux's ghost
  3258 | D:3      | Reached XP level 5. HP: 38/38 MP: 1/8
  3436 | D:4      | Reached skill level 6 in Necromancy
  3436 | D:4      | Reached skill level 1 in Evocations
  3558 | D:4      | Gained mutation: When hurt, damage is shared between your health and your magic reserves. [demonic ancestry]
  3558 | D:4      | Reached XP level 6. HP: 41/44 MP: 2/9
  3992 | D:4      | Gained mutation: Your magical capacity is low. (-10% MP) [potion of mutation]
  3992 | D:4      | Gained mutation: You tend to lose your temper in combat. [potion of mutation]
  4169 | D:4      | Learned a level 3 spell: Vampiric Draining
  4267 | D:5      | Entered Level 5 of the Dungeon
  4554 | D:5      | Reached skill level 1 in Maces & Flails
  4554 | D:5      | Reached XP level 7. HP: 14/50 MP: 1/9
  5114 | D:5      | Found a staircase to the Ecumenical Temple.
  5161 | Temple   | Entered the Ecumenical Temple
  5459 | Temple   | Became a worshipper of Kikubaaqudgha
  5677 | D:5      | HP: 2/50 [poisoned by an adder]
  5679 | D:5      | Succumbed to an adder's poison

Vault maps used:
D:1:      lemuel_arrival_cross, st_stairs_2
D:2:      nicolae_overflow_crystal_walls, chequers_temple_overflow_minitemple,
          corexii_hall_statues_l
D:3:      marbit_many_paths, st_stairs_12
D:4:      first_bread
D:5:      serial_shops, shop
Temple:   nicolae_temple_great_sept

Skill      XL: |  1  2  3  4  5  6  7 |
---------------+----------------------+-----
Dodging        | 2 |  2.1
Fighting       | 1 2 |  2.0
Armour         | 1 2 3 |  3.3
Necromancy     | 5 6 |  6.7
Evocations     | 1 3 |  3.4
Maces & Flails | 1 2 |  2.5
Stealth        | |  1.7
Spellcasting   | |  2.0

Action                   |  1- 3 |  4- 6 |  7- 9 || total
-------------------------+-------+-------+-------++-------
Melee: Unarmed           |    25 |    98 |       ||   123
       Kick              |     1 |    19 |     3 ||    23
       Morningstar       |       |       |    25 ||    25
 Cast: Pain              |    62 |    85 |    15 ||   162
       Animate Skeleton  |    12 |    14 |     1 ||    27
       Animate Dead      |       |     1 |     1 ||     2
       Vampiric Draining |       |     1 |       ||     1
Evoke: Wand              |       |     3 |     2 ||     5
  Use: Potion            |       |     5 |       ||     5
       Scroll            |       |     4 |     2 ||     6
  Eat: Chunk             |     5 |     9 |       ||    14
       Meat ration       |       |       |     1 ||     1
Armor: Robe              |    12 |   101 |    60 ||   173
Dodge: Dodged            |    32 |   159 |    84 ||   275
